 Dungeon Crawl Stone Soup version 0.29-a0-517-gbdf32494f2 (webtiles) character file.

Game seed: 16298777356969552673

1406 dolemite99 the Spear-Bearer (level 8, -1/87 HPs)
             Began as a Demonspawn Cinder Acolyte on May 30, 2022.
             Was an Initiate of Ignis.
             Splashed by a jelly's acid (5 damage)
             ... on level 5 of the Dungeon.
             The game lasted 00:07:19 (6366 turns).

dolemite99 the Spear-Bearer (DsCA)                  Turns: 6366, Time: 00:07:20

Health: -1/87      AC: 16    Str: 16    XL:     8   Next: 42%
Magic:  9/9        EV:  2    Int: 15    God:    Ignis [......]
Gold:   233        SH:  0    Dex: 16    Spells: 7/9 levels left

rFire   + . .      SeeInvis .   a - +0 trident
rCold   . . .      Faith    +   (no shield)
rNeg    . . .      Spirit   .   (body armour currently unavailable)
rPois   +          Reflect  .   (helmet currently unavailable)
rElec   .          Harm     .   (cloak currently unavailable)
rCorr   .          Rampage  .   (gloves currently unavailable)
Will    .....      NoTele   +   (boots currently unavailable)
Stlth   +.........              e - amulet of faith
HPRegen 0.24/turn               k - +6 ring of dexterity
MPRegen 0.11/turn               (no ring)

@: tree-form, corroded, attractive
A: stationary, stasis, torment immunity, boosted hp, (molten scales 2), (demonic
touch 1)
a: Renounce Religion


You were on level 5 of the Dungeon.
You worshipped Ignis.
Ignis was noncommittal.
You were a tree.
You visited 1 branch of the dungeon, and saw 6 of its levels.

You collected 233 gold pieces.

Inventory:

Hand Weapons
 a - a +0 trident (weapon)
 b - a -1 spear of flaming
 n - a +0 short sword of venom
 v - a +0 quarterstaff
 x - a +0 hunting sling
Missiles
 j - 2 throwing nets
 l - 102 stones
 o - 7 poisoned darts
 w - 2 javelins (quivered)
Armour
 d - a +0 ring mail
 f - a +0 pair of gloves (melded)
 g - a +0 scale mail
 i - a +0 pair of boots (melded)
 q - the +3 hat of Pondering (melded) {ponderous, Will+ MP+10 Int+5}
   (You found it on level 2 of the Dungeon)

   Int:       It affects your intelligence (+5).
   MP:        It affects your magic capacity (+10).
   Will:      It increases your willpower.
 A - a +0 chain mail (melded)
Jewellery
 e - an amulet of faith (around neck)
 k - a +6 ring of dexterity (left branch)
Wands
 r - a wand of polymorph (20)
 s - a wand of digging (6)
Scrolls
 y - a scroll of amnesia
Potions
 c - 2 potions of heal wounds {unknown}
 h - a potion of mutation {unknown}
 m - a potion of attraction
 p - a potion of cancellation {unknown}
 t - a potion of lignification
 u - a potion of curing {unknown}
 z - 2 potions of flight {unknown}
 C - a potion of ambrosia {unknown}


   Skills:
 - Level 3.0 Fighting
 + Level 10.0 Polearms
 - Level 1.0 Spellcasting
 - Level 2.6 Fire Magic


You had 7 spell levels left.
You knew the following spells:

 Your Spells              Type           Power      Damage    Failure   Level
a - Scorch                Fire           16%        2d5       12%         2

Your spell library contained the following spells:

 Spells                   Type           Power      Damage    Failure   Level
 Necrotize                Necr           0%         1d4       24%         1
 Ensorcelled Hibernation  Hex/Ice        0%         N/A       36%         2
 Passwall                 Tmut/Erth      0%         N/A       36%         2
 Gell's Gravitas          Tloc           0%         N/A       58%         3
 Lesser Beckoning         Tloc           0%         N/A       58%         3
 Swiftness                Air            0%         N/A       58%         3
 Teleport Other           Tloc           0%         N/A       58%         3
 Vampiric Draining        Necr           0%         2d6       58%         3
 Agony                    Necr           0%         N/A       100%        5


Dungeon Overview and Level Annotations

Branches:
Dungeon (6/15)
 Temple: D:4-7

Altars:
Hepliaklqana
Okawaru
Sif Muna
Trog
Vehumet
Yredelemnul
Zin
The Shining One

Annotations:
D:4 exclusion: downstairs
D:5 Ijyb, Prince Ribbit
D:6 Dowan


Innate Abilities, Weirdness & Mutations

You are a tree.
Your roots penetrate the ground, keeping you stationary.
You cannot be teleported.
You are immune to unholy pain and torment.
Your maximum health is greatly increased.
Your equipment is partially melded.
((You are mostly covered in molten scales. (AC +3)))
((Your touch may inflict minor irresistible damage on your foes.))


Message History

The jelly quivers.
There is a stone staircase leading up here.
A jelly is nearby!
A jelly is nearby!
You hit the jelly but do no damage.
Your hands burn!
The jelly hits you. The acid corrodes you!
You are splashed with acid!
You hit the jelly.
Your hands burn!
The jelly is lightly wounded.
The jelly barely misses you.
You hit the jelly but do no damage.
Your hands burn!
The jelly is lightly wounded.
The jelly hits you.
You are splashed with acid!
* * * LOW HITPOINT WARNING * * *
You puncture the jelly! The acid corrodes you!
Your hands burn!
* * * LOW HITPOINT WARNING * * *
The jelly is heavily wounded.
The jelly hits you.
* * * LOW HITPOINT WARNING * * *
You are splashed with acid!
* * * LOW HITPOINT WARNING * * *
It was a potion of attraction.
You feel attractive to monsters. The jelly hits you but does no damage.
Okay, then.
It was a potion of lignification.
You turn into a tree.
The +3 hat of Pondering {ponderous, Will+ MP+10 Int+5} melds into your body.
Your +0 pair of gloves melds into your body.
Your +0 pair of boots melds into your body.
Your +0 chain mail melds into your body.
That put a bit of spring back into your step.
You feel your magic capacity decrease.
Your roots penetrate the ground.
The jelly hits you but does no damage.
You hit the jelly but do no damage.
Your branches burn!
* * * LOW HITPOINT WARNING * * *
The jelly is heavily wounded.
You completely miss the jelly.
The jelly is heavily wounded.
The jelly hits you but does no damage.
You hit the jelly.
Your branches burn!
You die...

##.######.#.## #.#
##............# #.#
##.....###.....###.##
##.<.....#............
#.........#.........##
##.......###.######### #......##
#.# # #.#...## #.# #### #.##♣##
##+## ##... #.#.#!## ###..J###
##...## #.... .......
#.......###.....###..## ......##
#.#.....##.......##..##
.>.....####.................#..#.
......#.....................'....
..O....####.................#..#.
......## #.#.....##.......##..#.
...O...# #.#.....###.....###....


You could see a jelly.

Vanquished Creatures
  Sigmund (D:2)
  A wyvern (D:5)
  An ice beast (D:5)
  3 ogres
  A phantom (D:4)
  4 scorpions
  An orc priest (D:4)
  Terence (D:3)
  3 orc wizards
  Natasha (thrice) (D:3)
  3 iguanas (D:5)
  4 gnolls (D:4)
  2 adders
  A white imp (D:5)
  5 dart slugs
  15 orcs
  7 ball pythons
  7 endoplasms
  5 hobgoblins
  4 jackals (D:2)
  10 kobolds
  4 quokkas
  6 bats
  3 frilled lizards
  11 goblins
  5 rats
111 creatures vanquished.

Vanquished Creatures (others)
  An orc wizard (D:5)
  39 foxfires
40 creatures vanquished.

Grand Total: 151 creatures vanquished

Notes
Turn   | Place    | Note
-------+----------+-------------------------------------------
     0 | D:1      | dolemite99 the Demonspawn Cinder Acolyte began the quest
                  | for the Orb.
     0 | D:1      | Reached XP level 1. HP: 18/18 MP: 2/2
    38 | D:1      | Reached skill level 3 in Polearms
   434 | D:1      | Gained mutation: You are partially covered in molten
                  | scales. (AC +2) [demonic ancestry]
   434 | D:1      | Reached XP level 2. HP: 22/24 MP: 3/3
   444 | D:1      | Learned a level 2 spell: Scorch
  1329 | D:2      | Gained mutation: You are mostly covered in molten scales.
                  | (AC +3) [demonic ancestry]
  1329 | D:2      | Reached XP level 3. HP: 29/29 MP: 4/4
  1512 | D:2      | Noticed Sigmund
  1651 | D:2      | Reached skill level 4 in Polearms
  1678 | D:2      | Found a basalt altar of Yredelemnul.
  1686 | D:2      | Killed Sigmund
  1687 | D:2      | Reached skill level 5 in Polearms
  1687 | D:2      | Reached XP level 4. HP: 35/35 MP: 5/5
  1687 | D:2      | Reached XP level 5. HP: 41/41 MP: 6/6
  1851 | D:2      | Found the +3 hat of Pondering {ponderous, Will+ MP+10
                  | Int+5}
  2051 | D:2      | Found a faded altar of an unknown god.
  2351 | D:3      | Noticed Natasha
  2363 | D:3      | Killed Natasha
  2398 | D:3      | Noticed Terence
  2407 | D:3      | Killed Terence
  2408 | D:3      | Reached skill level 6 in Polearms
  2482 | D:3      | Noticed Natasha
  2495 | D:3      | Killed Natasha
  2496 | D:3      | Reached XP level 6. HP: 47/47 MP: 7/7
  2557 | D:3      | Found a shimmering blue altar of Sif Muna.
  2557 | D:3      | Found a bloodstained altar of Trog.
  2562 | D:3      | Found a radiant altar of Vehumet.
  2565 | D:3      | Found a hazy altar of Hepliaklqana.
  2569 | D:3      | Found a basalt altar of Yredelemnul.
  2576 | D:3      | Found an iron altar of Okawaru.
  2952 | D:3      | Noticed Natasha
  2961 | D:3      | Killed Natasha
  3150 | D:4      | Reached skill level 7 in Polearms
  3318 | D:4      | Reached XP level 7. HP: 44/52 MP: 8/8
  4389 | D:5      | Entered Level 5 of the Dungeon
  4409 | D:5      | Reached skill level 8 in Polearms
  4810 | D:5      | Noticed Prince Ribbit
  5538 | D:5      | Reached skill level 9 in Polearms
  5538 | D:5      | Gained mutation: Your touch may inflict minor irresistible
                  | damage on your foes. [demonic ancestry]
  5538 | D:5      | Reached XP level 8. HP: 58/58 MP: 9/9
  5746 | D:5      | Noticed Ijyb
  5951 | D:6      | Noticed Dowan
  6221 | D:5      | Reached skill level 10 in Polearms
  6361 | D:5      | HP: 2/58 [acid (7)]
  6366 | D:5      | Splashed by a jelly's acid

Illustrated notes

Levels and vault maps discovered:
D:1:      dpeg_arrival_lava_altar, layout_basic
D:2:      layout_basic, basic_altar, hellmonk_ecumenical_altar_heavens_door,
          hex_tiny, uniq_sigmund
D:3:      layout_loops_corners, nicolae_overflow_hallway_of_the_gods,
          minmay_goblin_outpost, uniq_terence, uniq_natasha
D:4:      layout_loops_corners, nicolae_tso_swordbearing_angel
D:5:      layout_loops_corners, st_stairs_4, uniq_prince_ribbit1, uniq_ijyb
D:6:      layout_rooms, minmay_temple_entry_wispy, uniq_grinder, uniq_edmund,
          uniq_duvessa

Skill      XL: |  1  2  3  4  5  6  7  8 |
---------------+-------------------------+-----
Polearms       | 3 5 6 7 9 10 | 10.0
Fighting       | |  3.0
Spellcasting   | |  1.0
Fire Magic     | |  2.6

Action                   |  1- 3 |  4- 6 |  7- 9 || total
-------------------------+-------+-------+-------++-------
Melee: Spear             |    79 |   126 |   174 ||   379
       Punch             |     1 |     2 |     2 ||     5
       Trident           |       |       |    26 ||    26
       Touch             |       |       |     5 ||     5
 Fire: Hunting sling     |    30 |       |       ||    30
Throw: Javelin           |       |       |     4 ||     4
Invok: Fiery Armour      |     1 |     4 |     5 ||    10
       Foxfire Swarm     |     1 |     1 |       ||     2
       Rising Flame      |       |       |     1 ||     1
  Use: Potion            |       |     1 |     2 ||     3
       Scroll            |       |       |     5 ||     5
Armor: Ring mail         |    25 |       |       ||    25
       Robe              |     4 |       |       ||     4
       Scale mail        |    12 |    69 |    67 ||   148
       Chain mail        |       |       |     9 ||     9
       Skin              |       |       |     2 ||     2
Dodge: Dodged            |    38 |    42 |    61 ||   141

Table legend: (Time is in decaauts)
 A = Elapsed time spent in this place.
 B = Non-inter-level travel time spent in this place.
 C = Inter-level travel time spent in this place.
 D = Time resting spent in this place.
 E = Time spent auto-exploring this place.
 F = Levels seen in this place.
 G = Mean time per level.
                   A        B        C        D        E       F      G
               +--------+--------+--------+--------+--------+-----+--------+
         Total |   6537 |   6268 |    269 |   1823 |   3254 |   6 | 1089.5 |
       Dungeon |   6537 |   6268 |    269 |   1823 |   3254 |   6 | 1089.5 |
               +--------+--------+--------+--------+--------+-----+--------+

Top non-repeatable levels by time:
     D:4: 2109 daAuts
     D:1: 1329 daAuts
     D:5: 1097 daAuts
     D:3: 1022 daAuts
     D:2: 872 daAuts
     D:6: 106 daAuts
